 Dungeon Crawl Stone Soup version 0.28.0-1-gb440e238dd (webtiles) character file.

Game seed: 9059043367758108486

60 spaghetti the Sneak (level 4, -2/42 HPs)
             Began as a Naga Delver on Feb 20, 2022.
             Slain by an ogre (16 damage)
             ... on level 5 of the Dungeon.
             The game lasted 00:00:56 (284 turns).

spaghetti the Sneak (Naga Delver)                    Turns: 284, Time: 00:00:56

Health: -2/42      AC:  2    Str: 16    XL:     4   Next: 4%
Magic:  4/4        EV:  9    Int: 10    God:
Gold:   0          SH:  0    Dex: 13    Spells: 3/3 levels left

rFire   . . .      SeeInvis +   a - +0 hand axe
rCold   . . .      Faith    .   (no shield)
rNeg    . . .      Spirit   .   b - +0 leather armour
rPois   +          Reflect  .   (no helmet)
rElec   .          Harm     .   (no cloak)
rCorr   .          Rampage  .   (no gloves)
Will    .....                   (no barding)
Stlth   +++.......              (no amulet)
HPRegen 0.14/turn               (no ring)
MPRegen 0.09/turn               (no ring)

@: hasted, quick
A: AC +1, large, see invisible, deformed body, poison resistance, slowness 2,
spit poison 1, naga tail 1
a: Spit Poison


You were on level 5 of the Dungeon.
You visited 1 branch of the dungeon, and saw 3 of its levels.

Inventory:

Hand Weapons
 a - a +0 hand axe (weapon)
Armour
 b - a +0 leather armour (worn)
Wands
 g - a wand of digging (3)
Scrolls
 c - a scroll of fog
 d - a scroll of magic mapping


   Skills:
 + Level 3.5 Fighting
 + Level 2.6 Axes
 + Level 2.1 Dodging
 + Level 7.8 Stealth


You had 3 spell levels left.
You didn't know any spells.
Your spell library was empty.

Dungeon Overview and Level Annotations

Branches:
Dungeon (6/15)
 Temple: D:4-7

Altars:


Innate Abilities, Weirdness & Mutations

Your serpentine skin is tough. (AC +1)
You have supernaturally acute eyesight. (SInv)
Armour fits poorly on your strangely shaped body.
Your system is resistant to poisons. (rPois)
You cover ground very slowly.
You can spit poison.
You have a snake-like lower body.


Message History

The hound is severely wounded.
The hound bites you. x2
* * * LOW HITPOINT WARNING * * *
You completely miss the hound.
The hound is severely wounded.
The hound bites you.
* * * LOW HITPOINT WARNING * * *
The hound bites you.
* * * LOW HITPOINT WARNING * * *
You completely miss the hound.
The hound is almost dead.
The hound bites you but does no damage.
An ogre comes into view. It is wielding a +0 giant club.
The hound closely misses you.
You miss the hound.
The hound is almost dead.
You have got your breath back.
The hound barely misses you.
You hit the hound.
You kill the hound!
You have reached level 4!
You feel agile.
Okay, then.
Okay, then.
As you read the scroll of fear, it crumbles to dust.
You assume a fearsome visage.
The ogre looks frightened!
You start resting.
An ogre is nearby!
Aiming: Spit Poison (1% risk of failure)
Press: ? - help, Q - select action Shift-Dir - straight line, f - ogre
Aim: an ogre, wielding a +0 giant club (81% to hit)
You fail to use your ability.
You feel yourself speed up.
Okay, then.
You hit the ogre.
The ogre is lightly wounded.
You barely miss the ogre.
The ogre is lightly wounded.
The ogre hits you with a +0 giant club!
You die...

............O.#
....(........#
#...?..$...#
#.......#
#....†..#
#.<...>##
#........##
########.O####+##
##..##..@#
##..##O## ##..#.#
##...# #####


You could see an ogre.

Vanquished Creatures
  A hound (D:5)
  A jelly (D:5)
  An orc (D:6)
3 creatures vanquished.

Notes
Turn   | Place    | Note
-------+----------+-------------------------------------------
     0 | D:5      | spaghetti the Naga Delver began the quest for the Orb.
     0 | D:5      | Reached XP level 1. HP: 21/21 MP: 1/1
     5 | D:4      | Noticed an orc wizard
    24 | D:5      | Noticed a jelly
    29 | D:5      | HP: 1/21 [acid (8)]
    30 | D:5      | Killed a jelly
    31 | D:5      | Reached XP level 2. HP: 2/28 MP: 2/2
    31 | D:5      | Reached XP level 3. HP: 2/34 MP: 3/3
   234 | D:6      | Noticed a bullfrog
   246 | D:5      | Noticed an ogre
   249 | D:5      | Reached XP level 4. HP: 9/42 MP: 4/4
   284 | D:5      | Slain by an ogre

Illustrated notes

Levels and vault maps discovered:
D:4:      layout_cave_pools, mainiacjoe_overflow_concentric_impassable,
          fiery_altar_vehumet
D:5:      layout_rooms, trog_book, mainiacjoe_overflow_tiny_flanked,
          kennysheep_mini, grunt_temple_overflow_diamond,
          gup_sewer_entry_bubbles, grunt_decor_one_mirror, uniq_edmund
D:6:      layout_loops_ring, worldfamousw_hep_ancestral_shrine,
          minmay_temple_entry_junction, serial_park_tiny_pond,
          nicolae_shop_unique_rings, serial_bayou_lagoon_a

Skill      XL: |  1 |
---------------+----+-----
Dodging        | 2 |  2.1
Fighting       | |  3.5
Axes           | |  2.6
Stealth        | |  7.8

Action                   |  1- 3 |  4- 6 || total
-------------------------+-------+-------++-------
Melee: Hand axe          |    15 |     2 ||    17
 Abil: Spit Poison       |     3 |       ||     3
  Use: Scroll            |       |     1 ||     1
       Potion            |       |     1 ||     1
 Stab: Sleeping          |     1 |       ||     1
Armor: Leather armour    |     2 |       ||     2
Dodge: Dodged            |     8 |       ||     8
